 Dungeon Crawl Stone Soup version 0.28-a0-983-g1de4e07 (webtiles) character file.

Game seed: 8920091364039435183

4941 Ayyar the Skirmisher (level 10, -13/74 (80) HPs)
             Began as a Demonspawn Gladiator on Dec 2, 2021.
             Was a Follower of Ashenzari.
             Mangled by a two-headed ogre (14 damage)
             ... on level 8 of the Dungeon.
             The game lasted 00:35:42 (9304 turns).

Ayyar the Skirmisher (Demonspawn Gladiator)         Turns: 9304, Time: 00:35:43

HP:   -13/74 (80)   AC: 13    Str: 18    XL:     10   Next: 28%
MP:   0/13          EV:  8    Int: 10    God:    Ashenzari [*.....]
Gold: 444           SH:  0    Dex: 15    Spells: 13/13 levels left

rFire   . . .      SeeInvis .   a - +0 war axe
rCold   . . .      Faith    .   (no shield)
rNeg    . . .      Spirit   +   l - +0 chain mail
rPois   .          Reflect  .   c - +0 helmet of the Cursed Pleiades {Fort, Comp} (curse)
rElec   .          Harm     .   (no cloak)
rCorr   +          Rampage  .   (no gloves)
Will    .....                   n - +0 pair of boots of the Elysian Mutualism {Melee, Evo} (curse)
Stlth   ..........              (no amulet)
HPRegen 0.22/turn               o - ring of resist corrosion
MPRegen 0.26/turn               (no ring)

@: drained
A: hooves 1, spiny 2, magic shield, magic regeneration
a: Renounce Religion, Curse Item, Shatter the Chains


You were on level 8 of the Dungeon.
You worshipped Ashenzari.
Ashenzari was aware of your devotion.
You visited 1 branch of the dungeon, and saw 8 of its levels.

You collected 444 gold pieces.

Inventory:

Hand Weapons
 a - a +0 war axe (weapon)
Missiles
 d - 2 throwing nets
 h - 6 javelins (quivered)
Armour
 c - the cursed +0 helmet of the Cursed Pleiades (worn) {Fort, Comp}

   It has a curse which improves the following skills: Fortitude: Armour and
   Shields.
   Companions: Summonings and Necromancy.
 j - a +0 helmet
 l - a +0 chain mail (worn)
 n - the cursed +0 pair of boots of the Elysian Mutualism (worn) {Melee, Evo}
   (You found it on level 3 of the Dungeon)

   It has a curse which improves the following skills: Melee Combat: Short
   Blades, Long Blades, Axes, Maces & Flails, Polearms, Staves and Unarmed
   Combat.
   Evocations: Evocations.
 s - a +0 pair of boots
 y - a +0 kite shield
Jewellery
 o - a ring of resist corrosion (left hand)
Wands
 C - a wand of flame (18)
 D - a wand of mindburst (23)
Scrolls
 f - 3 scrolls of amnesia
 i - a scroll of immolation
 k - 2 scrolls of enchant weapon
 m - a scroll of fear
 q - a scroll of teleportation
 t - 3 scrolls of silence
 u - a scroll of acquirement
 z - a scroll of enchant armour
Potions
 b - a potion of mutation
 e - a potion of brilliance
 p - 2 potions of might
 v - a potion of cancellation
 w - a potion of berserk rage
 B - a potion of resistance


   Skills:
 + Level 7.8 Fighting
 + Level 7.4(8.5) Axes
 + Level 7.0 Throwing
 + Level 6.6(7.6) Armour
 - Level 3.0 Dodging
 - Level 2.0 Spellcasting


You had 13 spell levels left.
You didn't know any spells.
Your spell library contained the following spells:

 Spells                   Type           Power      Damage    Failure   Level
 Ensorcelled Hibernation  Hex/Ice        2%         N/A       99%         2
 Static Discharge         Conj/Air       1%         N/A       99%         2
 Call Canine Familiar     Summ           1%         N/A       100%        3
 Portal Projectile        Hex/Tloc       2%         N/A       100%        3
 Spider Form              Tmut/Pois      1%         N/A       100%        3
 Dispel Undead            Necr           1%         3d6       100%        4
 Leda's Liquefaction      Hex/Erth       0%         N/A       100%        4
 Sticky Flame             Conj/Fire      1%         2d3       100%        4


Dungeon Overview and Level Annotations

Branches:
Dungeon (8/15)             Temple (0/1) D:4
   Lair: D:8-11

Altars:
Ashenzari
Kikubaaqudgha
Ru
Wu Jian
Xom
The Shining One


Innate Abilities, Weirdness & Mutations

You have large cloven feet.
You are mostly covered in sharp spines.
When hurt, damage is shared between your health and your magic reserves.
You regenerate magic rapidly.


Message History

There is a stone staircase leading down here.
You climb downwards.
There is a stone staircase leading up here.
You open the gate.
There is an open gate here.
You open the gate.
Found an ornate altar of the Wu Jian Council.
You open the gate.
Found a glowing golden altar of the Shining One.
There is an open gate here.
The two-headed ogre shouts in stereo!
You hit the two-headed ogre.
The two-headed ogre is lightly wounded.
The two-headed ogre is struck by your spines.
The two-headed ogre hits you with a +3 dire flail of holy wrath!
You convulse.
The two-headed ogre barely misses you.
You slash the two-headed ogre!
The two-headed ogre is moderately wounded.
The two-headed ogre hits you with a +3 dire flail of holy wrath.
You convulse.
The two-headed ogre closely misses you.
You hit the two-headed ogre.
The two-headed ogre is moderately wounded.
The two-headed ogre is struck by your spines.
The two-headed ogre hits you but does no damage.
The two-headed ogre hits you with a +0 giant spiked club!
You barely miss the two-headed ogre.
The two-headed ogre is heavily wounded.
The two-headed ogre is struck by your spines.
The two-headed ogre hits you with a +3 dire flail of holy wrath!
You convulse.
The two-headed ogre hits you with a +0 giant spiked club!!
* * * LOW HITPOINT WARNING * * *
You completely miss the two-headed ogre.
The two-headed ogre is heavily wounded.
The two-headed ogre hits you with a +3 dire flail of holy wrath!!
* * * LOW HITPOINT WARNING * * *
You convulse.
* * * LOW HITPOINT WARNING * * *
The two-headed ogre hits you with a +0 giant spiked club!
You die...

#.......#'''######..#
#.....#...
#.....>.#...#
##.####....##...
#.......#._.#
#..##.....# ...
#....<..#...#
##........# ...
........#####
##........#.....
.........#
##..............
.........#
##..............#
.######..##
###.............###
## ##..##
#..@.######....##
#...##...O#.# #....#
##........##.# +.8..#
# ##.........#..#
...## ####
#.............#
...###..............
.....)..†(...###....
##..........## ....
##.......### ..#


You could see a two-headed ogre.

Vanquished Creatures
  A centaur warrior (D:8)
  A gargoyle (D:7)
  A troll (D:6)
  Prince Ribbit (D:6)
  4 slime creatures (D:7)
  3 water moccasins (D:7)
  2 ice beasts (D:7)
  A black bear (D:6)
  3 ogres
  2 necrophages
  A centaur (D:4)
  2 phantoms
  2 bullfrogs
  3 scorpions
  A water moccasin zombie (D:6)
  12 killer bees
  The ghost of jorbis the Sneak, a weakling DsBr of Dithmenos (D:3)
  3 centaur zombies
  2 bullfrog zombies (D:5)
  4 hounds
  2 centaur skeletons
  2 jellies (D:7)
  2 orc priests (D:5)
  2 iguanas
  An orc wizard (D:5)
  A killer bee zombie (D:7)
  A hound skeleton (D:5)
  A howler monkey zombie (D:8)
  4 adders
  A shadow imp (D:6)
  3 white imps
  An ufetubus (D:7)
  An adder skeleton (D:4)
  2 worms (D:3)
  A dart slug (D:1)
  18 orcs
  8 endoplasms
  4 giant cockroaches
  10 goblins
  9 hobgoblins
  7 quokkas
  10 ball pythons
  4 bats
  A frilled lizard (D:3)
  10 kobolds
  9 rats
165 creatures vanquished.

Vanquished Creatures (others)
  A plant (D:8)
1 creature vanquished.

Grand Total: 166 creatures vanquished

Notes
Turn   | Place    | Note
-------+----------+-------------------------------------------
     0 | D:1      | Ayyar the Demonspawn Gladiator began the quest for the Orb.
     0 | D:1      | Reached XP level 1. HP: 16/16 MP: 1/1
   243 | D:1      | Gained mutation: You are partially covered in sharp spines.
                  | [demonic ancestry]
   243 | D:1      | Reached XP level 2. HP: 19/22 MP: 2/2
   618 | D:1      | Found a faded altar of an unknown god.
   621 | D:1      | Prayed at the altar of an unknown god.
   621 | D:1      | Became a worshipper of Ashenzari the Shackled
   786 | D:1      | Reached XP level 3. HP: 11/28 MP: 3/3
  2020 | D:3      | You fall into a shaft and drop 3 floors!
  2037 | D:6      | Noticed a scorpion
  2051 | D:6      | Killed a scorpion
  2052 | D:6      | Reached skill level 1 in Armour
  2052 | D:6      | Gained mutation: You are mostly covered in sharp spines.
                  | [demonic ancestry]
  2052 | D:6      | Reached XP level 4. HP: 30/35 MP: 4/4
  2115 | D:6      | Noticed a troll
  2127 | D:5      | Entered Level 5 of the Dungeon
  2256 | D:4      | Noticed a centaur
  2262 | D:4      | Killed a centaur
  2263 | D:4      | Reached XP level 5. HP: 35/41 MP: 5/5
  2560 | D:3      | Found an ancient bone altar of Kikubaaqudgha.
  2949 | D:3      | Found a runed translucent door.
  2954 | D:3      | Noticed jorbis's ghost (weakling DsBr)
  3317 | D:3      | Killed jorbis's ghost
  3318 | D:3      | Gained mutation: You regenerate magic rapidly. [demonic
                  | ancestry]
  3318 | D:3      | Reached XP level 6. HP: 45/47 MP: 6/6
  3714 | D:4      | Found a staircase to the Ecumenical Temple.
  3796 | D:4      | Reached * piety under Ashenzari
  4841 | D:5      | Gained mutation: When hurt, damage is shared between your
                  | health and your magic reserves. [demonic ancestry]
  4841 | D:5      | Reached XP level 7. HP: 54/54 MP: 7/7
  4922 | D:5      | Reached skill level 1 in Spellcasting
  5210 | D:5      | Found a shimmering altar of Xom.
  5370 | D:5      | Reached XP level 8. HP: 57/61 MP: 8/11
  5376 | D:5      | Reached skill level 5 in Fighting
  5376 | D:5      | Reached skill level 5 in Axes
  5586 | D:6      | Noticed Prince Ribbit
  5596 | D:6      | Killed Prince Ribbit
  5852 | D:6      | Found a sacrificial altar of Ru.
  6080 | D:6      | Reached skill level 5 in Throwing
  6156 | D:6      | Killed a troll
  6157 | D:6      | Identified a scroll of acquirement
  6816 | D:7      | Discovered your monstrous ancestry.
  6816 | D:7      | Gained mutation: You have large cloven feet. [demonic
                  | ancestry]
  6816 | D:7      | Reached XP level 9. HP: 60/69 MP: 11/12
  6978 | D:7      | Reached skill level 5 in Armour
  7014 | D:7      | HP: 2/71 [water moccasin (3)]
  7835 | D:7      | Noticed a gargoyle
  7842 | D:7      | Killed a gargoyle
  7843 | D:7      | Reached XP level 10. HP: 64/79 MP: 10/13
  8173 | D:8      | Noticed a centaur warrior
  8182 | D:8      | Killed a centaur warrior
  8464 | D:8      | Noticed a two-headed ogre
  8474 | D:8      | HP: 4/80 [electric eel/bolt of electricity (8)]
  8884 | D:8      | HP: 3/74 [wight (1)]
  9279 | D:8      | Found an ornate altar of the Wu Jian Council.
  9304 | D:8      | HP: 2/74 [two-headed ogre (17)]
  9304 | D:8      | Mangled by a two-headed ogre

Illustrated notes

Levels and vault maps discovered:
D:1:      elethiomel_arrival_maze, layout_basic, basic_ecumenical_altar
D:2:      layout_basic, nrook_mini_vaults
D:3:      layout_basic, kiku_gazebo_pond_becter, gammafunk_ghost_grave,
          minmay_fountain_box, kennysheep_cross_bottleneck
D:4:      layout_loops_corners, minmay_temple_entry_grid,
          minmay_misc_feat_nine_boxes
D:5:      layout_basic, mainiacjoe_overflow_cross_hatched,
          chequers_serial_rivers_small_a, hangedman_glass_teeth,
          chequers_serial_rivers_micro_b, minmay_misc_feat_tower, st_stairs_9,
          kennysheep_generic_room_5
D:6:      cheibrodos_quashed, layout_gridville,
          mainiacjoe_overflow_surrounded_room, serial_glass, glass_columns_c,
          glass_columns_a, glass_columns_b, glass_columns_a, glass_columns_a,
          glass_columns_c, uniq_prince_ribbit1
D:7:      layout_loops_ring, grunt_potential
D:8:      layout_layer_cave, mainiacjoe_overflow_big_doors, serial_shops,
          nicolae_shop_bloodbath_and_beyond, serial_bayou_pond_b,
          david_defended_altar_orc, uniq_erica

Skill      XL: |  1  2  3  4  5  6  7  8  9 10 |
---------------+-------------------------------+-----
Throwing       | 2 3 4 5 6 7 |  7.0
Axes           | 3 4 5 7 |  7.4
Dodging        | 3 |  3.0
Fighting       | 3 4 6 7 |  7.8
Armour         | 1 2 3 4 6 |  6.6
Spellcasting   | 2 |  2.0

Action                   |  1- 3 |  4- 6 |  7- 9 | 10-12 || total
-------------------------+-------+-------+-------+-------++-------
Melee: War axe           |    76 |    78 |   181 |    38 ||   373
Throw: Throwing net      |     3 |       |       |     1 ||     4
Invok: Curse Item        |     1 |     1 |       |       ||     2
  Use: Scroll            |     2 |       |       |     1 ||     3
       Potion            |       |       |     4 |     2 ||     6
Armor: Leather armour    |    20 |       |       |       ||    20
       Ring mail         |     5 |    31 |    83 |    11 ||   130
       Chain mail        |       |       |       |    13 ||    13
Dodge: Dodged            |    49 |    31 |   118 |    26 ||   224

Table legend: (Time is in decaauts)
 A = Elapsed time spent in this place.
 B = Non-inter-level travel time spent in this place.
 C = Inter-level travel time spent in this place.
 D = Time resting spent in this place.
 E = Time spent auto-exploring this place.
 F = Levels seen in this place.
 G = Mean time per level.
                   A        B        C        D        E       F      G
               +--------+--------+--------+--------+--------+-----+--------+
         Total |   9400 |   8924 |    476 |   2185 |   5315 |   8 | 1175.0 |
       Dungeon |   9400 |   8924 |    476 |   2185 |   5315 |   8 | 1175.0 |
               +--------+--------+--------+--------+--------+-----+--------+

Top non-repeatable levels by time:
     D:7: 2103 daAuts
     D:4: 1547 daAuts
     D:6: 1346 daAuts
     D:1: 1259 daAuts
     D:3: 1142 daAuts
     D:5: 887 daAuts
     D:2: 675 daAuts
     D:8: 437 daAuts
